 Dungeon Crawl Stone Soup version 0.31-a0-303-gdc8c9485ea (webtiles) character file.

Game seed: 15066332019283313749

11350 Iniera the Protected (level 11, 0/84 HPs)
             Began as a Demonspawn Monk on July 17, 2023.
             Was a Follower of Uskayaw.
             Killed from afar by Joseph (10 damage)
             ... with an iceblast
             ... on level 7 of the Dungeon.
             The game lasted 00:14:55 (9213 turns).

Iniera the Protected (Demonspawn Monk)              Turns: 9213, Time: 00:14:55

Health: 0/84       AC: 15    Str: 15    XL:     11   Next: 48%
Magic:  15/15      EV: 20    Int: 12    God:    Uskayaw [*.....]
Gold:   139        SH:  0    Dex: 16    Spells: 10/10 levels left

rFire   . . .        x - +4 broad axe (venom)
rCold   + + .        d - orb {light}
rNeg    . . .        b - +3 leather armour of the Robin {Rampage +Blink rC+}
rPois   .            (helmet restricted)
rElec   .            k - +0 cloak
rCorr   .            v - +0 pair of gloves
SInv    .            n - +1 pair of boots
Will    .....        h - amulet of the acrobat
Stlth   +            u - +5 ring of evasion
HPRegen 0.34/turn    m - +4 ring of slaying
MPRegen 0.28/turn

%: acrobat, rampage
@: glowing
A: horns 2, molten scales 2, ignite blood 1, magic regeneration, cold resistance
1
a: Renounce Religion, Evoke Blink, Stomp


You were on level 7 of the Dungeon.
You worshipped Uskayaw.
Uskayaw was noncommittal.
You visited 2 branches of the dungeon, and saw 9 of its levels.
You also visited: Bailey.

You collected 386 gold pieces.
You spent 247 gold pieces at shops.

Inventory:

Hand Weapons
 x - a +4 broad axe of venom (weapon)
Missiles
 f - 2 throwing nets
Armour
 b - the +3 leather armour of the Robin (worn) {Rampage +Blink rC+}
   (You found it on level 8 of the Dungeon)

   rC:        It protects you from cold.
   +Blink:    It lets you blink.
   Rampage:   It bestows one free step when moving towards enemies.
 d - an orb of light (worn)
 k - a +0 cloak (worn)
 n - a +1 pair of boots (worn)
 v - a +0 pair of gloves (worn)
Jewellery
 h - an amulet of the acrobat (around neck)
 i - a ring of flight
 m - a +4 ring of slaying (right hand)
 o - a ring of see invisible
 r - an amulet of faith
 u - a +5 ring of evasion (left hand)
Wands
 a - a wand of flame (7)
 s - a wand of mindburst (10)
Scrolls
 j - a scroll of blinking
 l - 3 scrolls of teleportation
 p - a scroll of amnesia
 t - a scroll of identify
Potions
 c - a potion of ambrosia
 e - a potion of curing
 g - a potion of cancellation
 q - a potion of heal wounds {unknown}
 w - a potion of enlightenment {unknown}


   Skills:
 + Level 7.4 Fighting
 * Level 9.3 Axes
 + Level 10.8 Armour
 + Level 6.7 Dodging
 + Level 6.4 Invocations


You had 10 spell levels left.
You didn't know any spells.
Your spell library contained the following spells:

 Spells                   Type           Power      Damage    Failure   Level
 Freeze                   Ice            0%         1d3       36%         1
 Sandblast                Erth           0%         2d4       36%         1
 Cigotuvi's Dreadful Rot  Necr/Pois/Air  0%         N/A       52%         2
 Lesser Beckoning         Tloc           0%         N/A       52%         2
 Passwall                 Tmut/Erth      0%         N/A       52%         2
 Sublimation of Blood     Necr           0%         N/A       52%         2
 Wereblood                Tmut           0%         N/A       52%         2
 Frozen Ramparts          Ice            0%         1d1       75%         3
 Gell's Gravitas          Tloc           0%         N/A       75%         3
 Hailstorm                Conj/Ice       0%         3d3       75%         3
 Stone Arrow              Conj/Erth      0%         3d7       75%         3
 Teleport Other           Tloc           0%         N/A       75%         3
 Vhi's Electric Charge    Tloc/Air       0%         N/A       75%         3
 Animate Armour           Summ/Erth      0%         N/A       98%         4
 Dispel Undead            Necr           0%         3d6       98%         4
 Arcjolt                  Conj/Air       0%         1d10      100%        5
 Death Channel            Necr           0%         N/A       100%        6
 Summon Hydra             Summ           0%         N/A       100%        7
 Lehudib's Crystal Spear  Conj/Erth      0%         10d2      100%        8
 Maxwell's Capacitive Co  Air            0%         ∞         100%        8


Dungeon Overview and Level Annotations

Branches:
Dungeon (8/15)             Temple (1/1) D:6          Bailey (visited)
   Lair: D:8-11

Altars:
Ashenzari
Dithmenos
Fedhas
Gozag
Hepliaklqana
Kikubaaqudgha
Makhleb
Nemelex Xobeh
Okawaru
Ru
Sif Muna
Trog
Uskayaw
Vehumet
Wu Jian
Xom
Yredelemnul

Shops:
D:1 (   D:3 *??[   D:4 (*   D:5 *   D:6 [

Annotations:
D:6 1 runed translucent door, osoart's ghost, novice HuSh
D:7 Joseph


Innate Abilities, Weirdness & Mutations

You have a pair of horns on your head.
You are mostly covered in molten scales. (AC +3)
Your demonic aura sometimes causes spilled blood to erupt in flames.
You regenerate magic rapidly.
Your flesh is cold resistant. (rC+)


Message History

The electric eel shoots out a bolt of lightning at you!
The bolt of electricity hits you!
* * * LOW HITPOINT WARNING * * *
You start resting.
Joseph is nearby!
Joseph unwields a +1 spectral quarterstaff.
Joseph wields a +0 sling.
Joseph shoots a sling bullet.
The sling bullet completely misses you.
Joseph shoots a sling bullet.
The sling bullet completely misses you.
Joseph shoots a sling bullet.
The sling bullet hits you.
Joseph says, "I'm here to kill trespassers.
I like my job."
You start resting.
Joseph is nearby!
Aiming: Mindburst
Press: ? - help, Shift-Dir - straight line, f - Joseph
Aim: Joseph, wielding a +0 sling, wearing a +3 ring mail of cold resistance and carrying a wand of iceblast (chance to affect: 47%) Joseph resists with some effort.
Joseph shoots a sling bullet.
The sling bullet hits you!
* * * LOW HITPOINT WARNING * * *
Aiming: Mindburst
Press: ? - help, Shift-Dir - straight line, f/p - Joseph
Aim: Joseph, wielding a +0 sling, wearing a +3 ring mail of cold resistance and carrying a wand of iceblast (chance to affect: 47%) Joseph resists with some effort.
Aiming: Mindburst
Press: ? - help, Shift-Dir - straight line, f/p - Joseph
Aim: Joseph, wielding a +0 sling, wearing a +3 ring mail of cold resistance and carrying a wand of iceblast (haloed, chance to affect: 47%) Joseph's mind is blasted!
Joseph shoots a sling bullet.
The sling bullet hits you!
* * * LOW HITPOINT WARNING * * *
Aiming: Mindburst
Press: ? - help, Shift-Dir - straight line, f/p - Joseph
Aim: Joseph, wielding a +0 sling, wearing a +3 ring mail of cold resistance and carrying a wand of iceblast (moderately wounded, haloed, chance to affect: 47%) Joseph's mind is blasted.
Joseph shoots a sling bullet.
The sling bullet closely misses you.
Aiming: Mindburst
Press: ? - help, Shift-Dir - straight line, f/p - Joseph
Aim: Joseph, wielding a +0 sling, wearing a +3 ring mail of cold resistance and carrying a wand of iceblast (moderately wounded, haloed, chance to affect: 47%) Joseph's mind is blasted!
Joseph zaps a wand.
The mass of ice explodes!
The iceblast engulfs you! You partially resist.
You die...

### #.# ♣####.#
♣@..@°#
≈≈≈≈≈≈≈~~♣####.#
≈≈≈≈≈≈≈≈~♣ #.#
≈≈≈≈≈≈≈≈~♣ #.#
≈~≈≈≈≈~~~♣ #.#
P~~≈~~P~~# #.#
~~~~~~~~~###.#@#
~~~~P~~~@....#.#
~~~~~~~~S#####.#


You could see Joseph.

Vanquished Creatures
  A two-headed ogre (D:6)
  Amaemon (D:8)
  An orange demon (D:8)
  2 wyverns
  9 yaks
  Sigmund (D:2)
  Menkaure (D:7)
  A water moccasin (D:7)
  16 orc warriors
  An ice beast (D:8)
  3 ogres (D:5)
  A phantom (D:5)
  A kobold brigand (D:8)
  A bullfrog (D:8)
  2 gnoll sergeants
  A scorpion (D:5)
  7 wights
  4 electric eels
  5 hounds
  An orc priest (D:3)
  2 jellies
  2 sleepcaps
  2 iguanas
  An orc wizard (D:3)
  Robin (D:2)
  9 gnolls
  4 adders
  2 shadow imps (D:5)
  4 white imps
  2 ufetubi
  2 worms
  5 dart slugs
  23 orcs
  5 endoplasms
  3 giant cockroaches
  17 goblins
  3 hobgoblins
  2 quokkas
  10 ball pythons
  2 bats (D:3)
  3 frilled lizards
  13 kobolds
  3 rats
180 creatures vanquished.

Vanquished Creatures (others)
  An orc wizard (D:7)
  A gnoll (D:6)
  An orc (D:7)
3 creatures vanquished.

Grand Total: 183 creatures vanquished

Notes
Turn   | Place    | Note
-------+----------+-------------------------------------------
     0 | D:1      | Iniera the Demonspawn Monk began the quest for the Orb.
     0 | D:1      | Reached XP level 1. HP: 18/18 MP: 1/1
   123 | D:1      | Gained mutation: You are partially covered in molten
                  | scales. (AC +2) [demonic ancestry]
   123 | D:1      | Reached XP level 2. HP: 22/24 MP: 2/2
   386 | D:1      | Found Ugriegh's Antique Weapon Shop.
   415 | D:1      | Found a faded altar of an unknown god.
   565 | D:1      | Gained mutation: You regenerate magic rapidly. [demonic
                  | ancestry]
   565 | D:1      | Reached XP level 3. HP: 29/29 MP: 3/3
  1103 | D:2      | Noticed Sigmund
  1117 | D:2      | Gained mutation: Your system is resistant to poisons.
                  | (rPois) [potion of mutation]
  1117 | D:2      | Gained mutation: Your magical capacity is low. (-10% MP)
                  | [potion of mutation]
  1118 | D:2      | Lost mutation: Your magical capacity is low. (-10% MP)
                  | [potion of mutation]
  1118 | D:2      | Lost mutation: Your system is resistant to poisons. (rPois)
                  | [potion of mutation]
  1118 | D:2      | Gained mutation: You sometimes lose your temper in combat.
                  | [potion of mutation]
  1118 | D:2      | Gained mutation: Your flesh is cold resistant. (rC+)
                  | [potion of mutation]
  1118 | D:2      | Lost mutation: You sometimes lose your temper in combat.
                  | [potion of mutation]
  1120 | D:2      | Killed Sigmund
  1121 | D:2      | Reached skill level 1 in Armour
  1121 | D:2      | Reached XP level 4. HP: 36/37 MP: 2/4
  1121 | D:2      | Gained mutation: Your demonic aura sometimes causes spilled
                  | blood to erupt in flames. [demonic ancestry]
  1121 | D:2      | Reached XP level 5. HP: 41/42 MP: 2/5
  1183 | D:2      | Noticed Robin
  1194 | D:2      | Killed Robin
  1530 | D:3      | Found Irhojun's Magic Scroll Emporium.
  1615 | D:3      | Found Ceshrotex's Magic Scroll Shoppe.
  1626 | D:3      | Bought a scroll of teleportation for 30 gold pieces
  1659 | D:3      | Found Duotz's Armour Boutique.
  1735 | D:3      | Reached skill level 2 in Armour
  1735 | D:3      | Reached XP level 6. HP: 48/48 MP: 6/6
  1862 | D:3      | Found Wicwone's Assorted Antiques.
  2032 | D:4      | Found Uvoaff's Elemental Accessories.
  2394 | D:4      | Found Suywit's Antique Weapon Shoppe.
  2530 | D:5      | Entered Level 5 of the Dungeon
  2541 | D:5      | Reached skill level 5 in Axes
  2544 | D:5      | Reached XP level 7. HP: 55/55 MP: 7/7
  2749 | D:5      | Reached skill level 3 in Armour
  2956 | D:5      | Found a shadowy altar of Dithmenos.
  2975 | D:5      | Found Qefit's General Store.
  3351 | D:5      | Reached skill level 5 in Fighting
  3544 | D:6      | Found a staircase to the Ecumenical Temple.
  3571 | Temple   | Entered the Ecumenical Temple
  3601 | Temple   | Became a worshipper of Uskayaw the Reveller
  3601 | Temple   | Reached * piety under Uskayaw
  3633 | D:6      | Noticed a yak
  3634 | D:6      | Reached ** piety under Uskayaw
  3636 | D:6      | Reached *** piety under Uskayaw
  3639 | D:6      | Reached XP level 8. HP: 29/62 MP: 8/8
  3640 | D:6      | Reached **** piety under Uskayaw
  4098 | D:6      | Reached skill level 1 in Invocations
  4348 | D:6      | Reached skill level 5 in Dodging
  4379 | D:6      | Noticed a two-headed ogre
  4388 | D:6      | Killed a two-headed ogre
  4389 | D:6      | Reached skill level 4 in Armour
  4389 | D:6      | Gained mutation: You have a pair of small horns on your
                  | head. [demonic ancestry]
  4389 | D:6      | Reached XP level 9. HP: 59/69 MP: 9/11
  4423 | D:6      | Found Egosaoq's Armour Shop.
  4549 | D:6      | Found a runed translucent door.
  4550 | D:6      | Found a shimmering altar of Xom.
  4550 | D:6      | Noticed osoart's ghost (novice HuSh)
  4551 | D:6      | Noticed a +2 quarterstaff of chaos
  5181 | D:7      | Noticed Joseph
  5840 | D:8      | Found a flagged portal.
  5846 | D:8      | Reached skill level 5 in Armour
  5874 | Bailey   | Entered a bailey
  5981 | Bailey   | Reached skill level 5 in Invocations
  6212 | Bailey   | Gained mutation: You are mostly covered in molten scales.
                  | (AC +3) [demonic ancestry]
  6212 | Bailey   | Reached XP level 10. HP: 67/77 MP: 13/13
  6665 | Bailey   | Noticed an orc knight
  7111 | D:8      | Reached skill level 10 in Armour
  7111 | D:8      | Gained mutation: You have a pair of horns on your head.
                  | [demonic ancestry]
  7111 | D:8      | Reached XP level 11. HP: 84/84 MP: 15/15
  7357 | D:8      | Noticed Amaemon
  7371 | D:8      | Identified the +3 leather armour of the Robin {Rampage
                  | +Blink rC+}
  7911 | D:8      | Found a radiant altar of Vehumet.
  7985 | D:8      | Killed Amaemon
  8640 | D:7      | Reached ***** piety under Uskayaw
  8889 | D:7      | Noticed Menkaure
  8893 | D:7      | Killed Menkaure
  9016 | D:1      | Bought a glowing broad axe for 217 gold pieces
  9213 | D:7      | Killed from afar by Joseph

Illustrated notes

Levels and vault maps discovered:
D:1:      dpeg_arrival_concentric_ovals, layout_loops_ring, serial_shops, shop,
          nicolae_ecumenical_snake_handling, dk_noncrumbling_3
D:2:      layout_basic, uniq_robin, uniq_sigmund
D:3:      layout_basic, serial_shops, shop, shop, nicolae_shop_tiny_waterfront,
          shop
D:4:      layout_basic, old_standard_altar, serial_shops,
          nicolae_shop_dealshenge, nicolae_elemental_shop
D:5:      layout_basic, kennysheep_mini_moat, grunt_dithmenos_smoke_and_mirrors,
          serial_shops, shop, kennysheep_cross_room, minmay_misc_feat_tower
D:6:      layout_loops_ring, minmay_temple_entry_large_hall, serial_shops,
          nicolae_shop_peninsula, ebering_ghost_xom, serial_bayou,
          serial_bayou_lagoon_b, serial_bayou_lagoon_a, serial_bayou_pond_d,
          serial_bayou_pond_e, serial_bayou_pond_b
D:7:      layout_basic, serial_bayou, serial_bayou_shore_b,
          serial_bayou_shore_a, serial_bayou_lake_a, serial_bayou_shore_b,
          serial_bayou_crossing, serial_bayou_shore_b, uniq_joseph,
          uniq_menkaure
D:8:      layout_loops_corners, nicolae_vehumet_radiance, enter_bailey_5,
          kennysheep_generic_room_8, uniq_amaemon
Temple:   nicolae_temple_no_exploring_needed

Skill      XL: |  1  2  3  4  5  6  7  8  9 10 11 |
---------------+----------------------------------+-----
Axes           | 3 4 5 6 7 8 9 |  9.3
Dodging        | 3 4 5 6 |  6.7
Armour         | 1 2 3 4 5 10 | 10.8
Fighting       | 4 5 6 7 |  7.4
Invocations    | 3 5 6 |  6.4

Action                     |  1- 3 |  4- 6 |  7- 9 | 10-12 || total
---------------------------+-------+-------+-------+-------++-------
  Melee: Hand axe          |   103 |   124 |       |       ||   227
         War axe           |       |       |    57 |    34 ||    91
         Broad axe         |       |       |   124 |   132 ||   256
         Headbutt          |       |       |    26 |    50 ||    76
  Throw: Throwing net      |       |       |     1 |       ||     1
  Evoke: Wand              |       |       |     6 |    14 ||    20
    Use: Scroll            |     2 |     5 |     1 |     7 ||    15
         Potion            |     5 |     2 |     3 |     2 ||    12
   Stab: Paralysed         |       |       |     8 |    13 ||    21
         Held in net/web   |       |       |     1 |       ||     1
 Armour: Robe              |     6 |       |       |       ||     6
         Ring mail         |    31 |    54 |    22 |       ||   107
         Scale mail        |       |       |    52 |    20 ||    72
         Leather armour    |       |       |       |    27 ||    27
  Dodge: Dodged            |    73 |    76 |   174 |   155 ||   478

Table legend: (Time is in decaauts)
 A = Elapsed time spent in this place.
 B = Non-inter-level travel time spent in this place.
 C = Inter-level travel time spent in this place.
 D = Time resting spent in this place.
 E = Time spent auto-exploring this place.
 F = Levels seen in this place.
 G = Mean time per level.
                   A        B        C        D        E       F      G
               +--------+--------+--------+--------+--------+-----+--------+
         Total |   9316 |   8911 |    405 |   1771 |   5280 |  10 |  931.6 |
       Dungeon |   8186 |   7795 |    391 |   1589 |   4684 |   8 | 1023.2 |
        Temple |     37 |     24 |     13 |      0 |     23 |   1 |   37.0 |
        Bailey |   1092 |   1092 |      0 |    182 |    573 |   1 | 1092.0 |
               +--------+--------+--------+--------+--------+-----+--------+

Top non-repeatable levels by time:
     D:6: 2039 daAuts
     D:8: 1967 daAuts
  Bailey: 1092 daAuts
     D:5: 1020 daAuts
     D:2: 799 daAuts
     D:1: 796 daAuts
     D:3: 547 daAuts
     D:4: 523 daAuts
     D:7: 492 daAuts
  Temple: 37 daAuts
